Map: New Repugnancy LE

Players

MaSa - Winner!

  • Race: Terran Terran
  • League: Master
  • Spawn Location: 1:00

Cham

  • Race: Zerg Zerg
  • League: Master
  • Spawn Location: 7:00

Event: 2019 WCS Winter Americas

VOD

Have the link to the VOD?

Description

Time

  • Played on: April 6, 2019, 12:58 p.m.
  • Length: 20:21

All games in this series

Show
View Real Time Build Order
Export as new Build Order

MaSa Terran - Winner!

Build Orders: Mech 

Get SALT Encoding   

  12  0:00  SCV  
  13  0:12  SCV  
  14  0:19  Supply Depot  
  14  0:24  SCV  
  15  0:41  SCV, Barracks  
  16  0:46  Refinery  
  16  0:53  SCV  
  17  1:00  Barracks  
  17  1:05  SCV  
  18  1:17  SCV  
  19  1:22  Barracks  
  19  1:28  Reaper  
  20  1:36  Orbital Command  
  20  1:42  Refinery  
  20  1:47  Reaper  
  20  1:53  Supply Depot  
  21  2:02  SCV  
  21  2:05  Reaper  
  23  2:15  SCV  
  24  2:20  Reaper  
  24  2:21  Supply Depot  
  25  2:24  Reaper  
  25  2:27  SCV  
  27  2:39  SCV  
  28  2:48  Reaper  
  29  2:52  Command Center  
  29  2:56  Reaper  
  30  2:59  SCV  
  31  3:06  Factory  
  31  3:16  SCV  
  32  3:25  Reaper  
  32  3:26  Supply Depot  
  33  3:28  SCV  
  33  3:33  Reaper  
  35  3:40  SCV  
  35  3:49  Supply Depot  
  35  3:52  Starport, Factory Tech Lab  
  35  3:53  SCV  
  36  3:56  Refinery  
  36  4:05  SCV  
  38  4:14  Orbital Command  
  37  4:17  SCV  
  37  4:18  Marine x3  
  37  4:24  Factory Tech Lab  
  41  4:29  SCV  
  41  4:37  Banshee, Cloaking Field  
  44  4:41  SCV  
  44  4:44  SCV  
  42  4:53  SCV  
  42  4:56  SCV  
  44  5:05  SCV  
  44  5:06  Barracks Tech Lab  
  45  5:07  Siege Tank  
  45  5:08  SCV  
  45  5:11  Command Center  
  49  5:15  Supply Depot  
  49  5:16  Refinery  
  49  5:17  SCV  
  49  5:20  Banshee  
  49  5:21  SCV  
  54  5:29  SCV  
  54  5:33  SCV  
  56  5:41  SCV, Factory x2  
  56  5:42  Barracks Reactor  
  57  5:45  SCV  
  61  5:50  Cyclone  
  61  5:54  SCV  
  62  5:57  SCV, Supply Depot  
  62  6:00  Armory  
  63  6:06  SCV  
  63  6:09  Banshee  
  68  6:11  SCV  
  68  6:18  SCV  
  69  6:19  Hyperflight Rotors  
  69  6:23  SCV  
  70  6:30  SCV, Refinery  
  70  6:32  Cyclone  
  74  6:35  SCV  
  74  6:39  Command Center  
  75  6:42  SCV  
  75  6:44  Hellion x2  
  75  6:45  Refinery  
  80  6:47  SCV  
  80  6:48  Cyclone  
  80  6:49  SCV  
  80  6:52  Banshee  
  88  6:55  SCV  
  88  6:59  SCV  
  88  7:01  Terran Vehicle And Ship Armor Level 1  
  90  7:02  Orbital Command  
  90  7:07  SCV  
  91  7:10  Hellion  
  91  7:11  SCV  
  94  7:19  SCV  
  95  7:24  SCV  
  95  7:27  Cyclone, Supply Depot  
  95  7:28  Hellbat  
  101  7:30  Mag-Field Accelerator  
  101  7:43  Factory  
  101  7:44  Factory  
  101  7:48  SCV x3, Hellion, Cyclone  
  101  7:50  Banshee  
  112  7:59  Cyclone  
  112  8:00  SCV x3, Hellion  
  112  8:01  Supply Depot x2  
  112  8:02  Armory  
  120  8:11  Hellion  
  120  8:12  SCV x2  
  124  8:22  SCV, Supply Depot  
  124  8:24  SCV x2, Supply Depot x2  
  127  8:31  Hellion, Factory Reactor, Factory Tech Lab  
  127  8:33  Infernal Pre-Igniter, Cyclone x2, Banshee  
  138  8:34  SCV  
  138  8:37  SCV  
  137  8:43  Orbital Command  
  137  8:47  Engineering Bay  
  134  8:49  Refinery  
  134  8:51  SCV x2, Refinery  
  134  8:52  SCV  
  137  9:00  Hellion x2  
  140  9:07  Hellion, Cyclone x2  
  144  9:14  Hellion, Cyclone  
  144  9:16  Banshee  
  152  9:21  Factory  
  152  9:22  Factory x2, Terran Vehicle Weapons Level 1  
  151  9:27  Terran Vehicle And Ship Armor Level 2  
  151  9:33  SCV  
  152  9:39  Command Center  
  152  9:42  Missile Turret, Supply Depot  
  152  9:44  Hellion x3  
  158  9:45  Cyclone  
  161  9:54  Starport  
  161  9:55  Starport  
  161  9:57  Fusion Core  
  161  9:59  Banshee  
  164  10:03  Hellion, Cyclone  
  164  10:04  Supply Depot  
  164  10:06  Supply Depot  
  169  10:08  Cyclone  
  169  10:09  Factory Tech Lab  
  169  10:11  Factory Tech Lab  
  172  10:14  Factory Reactor  
  172  10:26  Hellion x2  
  172  10:28  Hellion x2, Cyclone x2  
  186  10:37  Liberator  
  186  10:39  Hellion  
  188  10:46  Cyclone  
  188  10:47  Cyclone  
  184  10:51  Hellion x4  
  184  10:53  Starport Reactor, Advanced Ballistics  
  184  10:54  Starport Reactor  
  184  11:02  Refinery  
  184  11:07  Refinery  
  184  11:17  Hellion x2, Cyclone, Command Center  
  177  11:19  Liberator  
  177  11:22  Hellion x2  
  177  11:23  Hellion  
  150  11:27  Hellion, Cyclone  
  139  11:34  Hellion, Cyclone  
  139  11:39  Planetary Fortress  
  145  11:44  Terran Vehicle Weapons Level 2  
  145  11:46  Hellion  
  145  11:47  Hellion, Liberator  
  143  11:48  Liberator  
  143  11:51  Liberator  
  137  11:57  Terran Vehicle And Ship Armor Level 3  
  137  11:58  Hellion x3  
  137  11:59  Liberator  
  143  12:06  Hellion  
  151  12:13  Hellion  
  151  12:14  Hellion, Cyclone  
  161  12:18  SCV  
  161  12:19  Liberator  
  161  12:21  Cyclone x2  
  171  12:26  Hellion x2  
  171  12:29  Hellion, Cyclone  
  180  12:30  Liberator  
  180  12:36  Liberator x2  
  183  12:40  Planetary Fortress  
  183  12:42  Refinery  
  183  12:48  Hellion x2  
  190  12:51  Liberator, Refinery  
  190  12:55  Cyclone  
  199  13:02  Command Center  
  199  13:09  Liberator  
  196  13:13  Hellion x2  
  196  13:15  Cyclone, Liberator  
  199  13:21  Liberator  
  179  13:35  Liberator  
  179  13:36  Hellion, Cyclone  
  179  13:37  Hellion  
  181  13:42  Hellion x4  
  186  13:48  Liberator  
  186  13:51  Hellion x2, Cyclone x2  
  199  14:00  Terran Ship Weapons Level 1  
  199  14:04  Smart Servos, Liberator x3  
  199  14:06  Hellion x2  
  200  14:14  Hellion x2, Cyclone  
  193  14:17  Liberator  
  193  14:31  Liberator  
  180  14:34  Hellion x3  
  180  14:35  Hellion  
  178  14:41  Refinery  
  178  14:45  Planetary Fortress  
  178  14:46  Hellion x3  
  178  14:49  Hellion, Cyclone  
  193  14:52  SCV  
  193  14:53  SCV  
  193  14:58  Hellion x2  
  198  15:04  Terran Vehicle Weapons Level 3  
  198  15:05  Refinery  
  198  15:11  Liberator x4  
  198  15:14  Liberator  
  198  15:17  Hellion  
  189  15:30  Hellion x3, Cyclone x2  
  184  15:35  Cyclone  
  184  15:38  Hellion x2  
  178  15:44  Hellion x2  
  178  15:46  Hellion  
  181  15:53  Liberator x2  
  181  15:54  Terran Ship Weapons Level 2, Liberator  
  181  15:55  SCV x2  
  181  15:56  SCV  
  184  16:02  Cyclone  
  183  16:07  Hellion  
  192  16:12  Liberator x2  
  192  16:16  Hellion  
  190  16:21  Cyclone  
  196  16:35  Hellion, Cyclone  
  187  16:44  Command Center, Liberator x2  
  187  16:51  Liberator  
  182  16:55  Cyclone x2, Liberator  
  165  17:03  Hellion x2, Cyclone x2  
  165  17:07  Hellion  
  169  17:12  Raven  
  169  17:13  Hellion  
  170  17:22  Cyclone  
  169  17:26  Hellion x2, Liberator  
  169  17:27  Cyclone x2  
  176  17:34  Liberator  
  170  17:38  Hellion x2, Cyclone  
  170  17:39  Cyclone  
  175  17:50  Liberator  
  178  17:52  Hellion  
  178  17:54  Cyclone  
  180  17:59  Hellion x2, Cyclone x2  
  190  18:06  Hellion  
  190  18:09  Orbital Command  
  190  18:10  Cyclone, Liberator  
  198  18:23  Hellion x2  
  197  18:27  Liberator x2  
  197  18:31  Cyclone, Liberator  
  197  18:32  Liberator  
  190  18:44  Hellion x2  
  189  18:51  Hellion x3  
  189  18:52  Liberator  
  166  19:10  Liberator x2  
  166  19:12  Hellion x4, Cyclone  
  166  19:14  Liberator  
  166  19:15  Liberator  
  148  19:25  Hellion  
  148  19:30  Orbital Command  
  152  19:32  Hellion  
  152  19:33  Hellion  
  166  19:38  Hellion x2  
  138  19:55  Hellion x3  
  136  20:05  SCV x2  
  138  20:17  Refinery  
Show
View Real Time Build Order
Export as new Build Order

Cham Zerg 

Build Orders: Hatch First, Brood Lord Corruptor 

Get SALT Encoding   

  12  0:00  Drone  
  13  0:12  Drone  
  14  0:19  Overlord  
  14  0:38  Drone x2  
  16  0:51  Hatchery  
  16  0:55  Drone  
  16  0:58  Drone  
  17  1:12  Spawning Pool  
  17  1:15  Drone  
  17  1:18  Extractor  
  16  1:20  Drone  
  16  1:25  Drone  
  18  1:32  Drone  
  19  1:58  Queen  
  19  1:59  Zergling x2  
  19  2:00  Overlord  
  22  2:04  Queen  
  22  2:07  Roach Warren  
  23  2:10  Drone  
  24  2:17  Drone x2  
  26  2:24  Overlord  
  26  2:31  Zergling x2  
  26  2:38  Queen  
  28  2:48  Drone x3  
  31  2:54  Roach  
  31  2:57  Roach  
  35  3:02  Roach  
  37  3:06  Drone  
  37  3:09  Roach  
  40  3:15  Ravager  
  40  3:16  Drone x2  
  43  3:29  Overlord  
  43  3:31  Drone  
  44  3:35  Overlord  
  44  3:41  Overlord  
  44  3:45  Overlord  
  44  3:49  Roach x2  
  44  3:53  Drone x2  
  50  3:57  Drone x2  
  50  4:01  Drone x2  
  54  4:03  Drone  
  54  4:09  Drone  
  53  4:11  Drone  
  53  4:14  Drone  
  55  4:18  Extractor  
  55  4:23  Drone x2  
  56  4:27  Drone x2  
  56  4:28  Drone  
  56  4:31  Drone x2  
  61  4:33  Roach  
  63  4:43  Hatchery  
  61  4:50  Lair  
  61  4:53  Overlord  
  61  4:58  Overlord  
  61  5:00  Spore Crawler, Drone  
  61  5:01  Spore Crawler, Drone  
  61  5:06  Drone x3  
  64  5:09  Drone x2  
  64  5:10  Drone  
  67  5:15  Overlord  
  67  5:18  Drone x2  
  69  5:25  Spore Crawler, Drone  
  69  5:26  Spore Crawler, Drone  
  69  5:31  Drone  
  69  5:32  Evolution Chamber  
  69  5:34  Evolution Chamber  
  68  5:35  Queen  
  68  5:38  Drone  
  68  5:40  Drone  
  68  5:41  Drone  
  73  5:45  Drone x2  
  73  5:47  Drone  
  76  5:50  Glial Reconstitution  
  76  5:52  Drone  
  77  6:06  Zerg Missile Weapons Level 1, Zerg Ground Armor Level 1  
  77  6:07  Extractor x2  
  77  6:10  Hydralisk Den, Drone x2  
  75  6:12  Drone x2  
  75  6:13  Drone x2  
  75  6:15  Drone x4  
  83  6:21  Drone x2  
  85  6:26  Drone  
  85  6:28  Overlord, Drone x3  
  85  6:32  Extractor  
  88  6:35  Extractor  
  87  6:41  Spore Crawler, Hydralisk, Drone  
  87  6:44  Hatchery, Grooved Spines  
  88  6:52  Hydralisk  
  88  6:53  Hydralisk  
  92  6:55  Drone x2  
  92  7:00  Drone x2  
  90  7:04  Hydralisk x2  
  94  7:13  Drone  
  94  7:14  Hydralisk  
  97  7:15  Drone  
  97  7:16  Infestation Pit  
  97  7:24  Overseer  
  97  7:28  Overlord  
  97  7:30  Overlord x3  
  97  7:33  Overlord  
  97  7:35  Drone  
  98  7:37  Overlord  
  98  7:40  Pneumatized Carapace  
  98  7:41  Overlord  
  98  7:48  Drone x3  
  98  7:49  Hydralisk x3  
  107  7:52  Infestor  
  107  7:55  Infestor  
  107  7:56  Drone x2  
  113  8:01  Overseer  
  113  8:03  Hydralisk x2  
  113  8:04  Hydralisk x2  
  121  8:05  Overlord  
  121  8:08  Hydralisk x2  
  121  8:11  Overlord  
  121  8:12  Hydralisk  
  125  8:16  Queen  
  125  8:18  Hydralisk  
  126  8:20  Drone  
  126  8:24  Extractor  
  126  8:26  Spore Crawler  
  126  8:27  Spore Crawler  
  123  8:31  Hydralisk  
  123  8:32  Hydralisk x3  
  133  8:35  Overlord  
  131  8:42  Hydralisk x4  
  131  8:45  Drone x2  
  131  8:46  Drone  
  131  8:47  Drone  
  141  8:49  Overlord  
  141  8:55  Spore Crawler  
  141  8:56  Hive  
  141  9:01  Drone x3  
  141  9:02  Drone x2  
  145  9:07  Overlord  
  145  9:08  Drone x2  
  145  9:09  Drone x2  
  145  9:10  Drone  
  145  9:12  Hydralisk  
  145  9:15  Infestor  
  150  9:20  Extractor  
  150  9:21  Extractor  
  150  9:23  Zerg Ground Armor Level 2, Zerg Missile Weapons Level 2  
  148  9:29  Drone x2  
  150  9:31  Zergling x2  
  150  9:32  Zergling x2  
  150  9:33  Overlord  
  150  9:38  Hydralisk x2  
  152  9:39  Zergling x6  
  152  9:40  Overseer  
  159  9:47  Overlord  
  159  9:48  Overlord  
  159  9:49  Drone  
  159  9:51  Hatchery, Drone  
  160  9:57  Drone  
  160  9:59  Spire  
  160  10:03  Hydralisk  
  160  10:06  Metabolic Boost  
  162  10:10  Zergling x10  
  162  10:11  Zergling x4  
  168  10:19  Spore Crawler  
  168  10:20  Hydralisk  
  168  10:21  Hydralisk  
  169  10:24  Hydralisk x3  
  177  10:33  Drone x2  
  179  10:36  Spine Crawler  
  179  10:37  Drone x2, Spine Crawler  
  179  10:38  Drone  
  179  10:39  Spine Crawler  
  179  10:40  Hydralisk x3  
  179  10:41  Zergling x4  
  185  10:47  Hydralisk  
  185  10:48  Hydralisk x2  
  179  10:50  Roach  
  179  10:51  Roach  
  179  10:56  Hydralisk  
  179  10:57  Hydralisk x2  
  175  10:59  Hydralisk  
  175  11:00  Zergling x2  
  175  11:01  Zergling x2  
  185  11:08  Drone  
  185  11:09  Drone x2  
  185  11:11  Hydralisk x3  
  186  11:12  Zergling x4  
  186  11:15  Extractor  
  166  11:19  Extractor  
  166  11:20  Hydralisk x3  
  166  11:23  Overseer  
  166  11:24  Hydralisk x2, Adrenal Glands  
  166  11:25  Zergling x2  
  159  11:30  Hydralisk x2  
  159  11:31  Zergling x2  
  158  11:35  Hydralisk x3  
  158  11:37  Greater Spire  
  158  11:38  Drone  
  158  11:39  Drone  
  166  11:47  Muscular Augments  
  152  11:49  Corruptor  
  152  11:50  Corruptor x2  
  152  11:51  Corruptor  
  148  11:55  Corruptor  
  148  11:59  Swarm Host  
  148  12:00  Corruptor  
  151  12:08  Zerg Ground Armor Level 3  
  149  12:10  Zerg Missile Weapons Level 3  
  149  12:15  Corruptor  
  149  12:17  Drone  
  149  12:18  Drone x2  
  149  12:20  Drone x2  
  154  12:25  Spine Crawler x2  
  154  12:26  Spine Crawler  
  154  12:27  Drone x3, Spine Crawler  
  147  12:48  Drone x3  
  152  12:51  Brood Lord x6  
  152  12:55  Infestor  
  164  13:01  Infestor  
  164  13:05  Zerg Flyer Weapons Level 1  
  166  13:07  Zergling x12  
  166  13:08  Zergling x12, Drone x2  
  166  13:09  Drone  
  166  13:12  Corruptor x2  
  180  13:19  Corruptor x2  
  186  13:26  Corruptor  
  185  13:30  Corruptor  
  171  13:34  Corruptor x2  
  166  13:42  Drone x4  
  166  13:44  Hatchery  
  166  13:45  Corruptor  
  170  13:49  Drone x2  
  172  13:57  Brood Lord  
  172  13:58  Brood Lord  
  171  14:08  Corruptor x2  
  174  14:11  Corruptor  
  164  14:20  Corruptor  
  164  14:24  Corruptor x2  
  155  14:26  Corruptor  
  156  14:37  Corruptor  
  156  14:38  Hatchery, Corruptor  
  157  14:56  Brood Lord  
  157  14:57  Brood Lord  
  161  15:02  Zerg Flyer Armor Level 1  
  161  15:07  Hydralisk x2  
  161  15:08  Hydralisk x2  
  161  15:11  Hydralisk x2  
  161  15:14  Zergling x4  
  175  15:18  Corruptor  
  175  15:21  Corruptor  
  177  15:26  Corruptor  
  165  15:38  Hydralisk x3  
  162  15:44  Hydralisk x2  
  162  15:49  Hydralisk x2  
  166  15:51  Hydralisk  
  168  16:03  Hydralisk x2  
  162  16:04  Hydralisk x2  
  162  16:10  Drone  
  162  16:11  Drone x4  
  156  16:19  Drone  
  156  16:20  Drone x3  
  156  16:22  Drone x2  
  156  16:23  Drone  
  156  16:28  Drone x2  
  151  16:37  Drone x3  
  151  16:38  Drone x3  
  155  16:48  Hydralisk x3  
  156  16:59  Hydralisk x4  
  153  17:02  Hydralisk  
  153  17:05  Hydralisk  
  147  17:16  Hydralisk x2  
  147  17:17  Corruptor  
  147  17:18  Corruptor  
  147  17:21  Hydralisk  
  153  17:24  Hydralisk  
  153  17:28  Hydralisk x2  
  153  17:31  Hydralisk x2  
  151  17:41  Hydralisk, Corruptor  
  151  17:42  Hydralisk  
  157  17:45  Hydralisk x2  
  160  17:53  Hydralisk x2  
  163  18:06  Hydralisk x2  
  163  18:08  Hydralisk x2  
  171  18:13  Hydralisk  
  171  18:14  Hydralisk x3  
  171  18:15  Overlord  
  171  18:16  Overlord  
  179  18:20  Overlord x2  
  177  18:30  Overlord  
  177  18:31  Infestor x2  
  177  18:32  Corruptor  
  171  18:35  Corruptor  
  169  18:45  Corruptor x2  
  143  18:58  Corruptor  
  135  19:11  Corruptor x2  
  135  19:15  Corruptor  
  131  19:21  Corruptor  
  113  19:31  Corruptor  
  113  19:35  Hydralisk x2  
  105  19:48  Hydralisk x3  
  105  19:49  Hydralisk x2  
  105  19:50  Zergling x14  
Tags
 
Add a new tag
Caveats
  • Supply blocks, unpowered buildings, or Contaminate may cause inaccurate times.
  • Supply counts are checked every 10 seconds.